Map: Cyber Forest LE

Players

Future

  • Race: Terran Terran
  • League: Grandmaster
  • Spawn Location: 11:00

DisK - Winner!

  • Race: Protoss Protoss
  • Spawn Location: 5:00

Event: 2019 WCS Winter Americas

VOD

Have the link to the VOD?

Description

Time

  • Played on: Feb. 7, 2019, 2:19 p.m.
  • Length: 8:58

All games in this series

Show
View Real Time Build Order
Export as new Build Order

Future Terran 

Build Orders: Gas First Reaper Expand 

Get SALT Encoding   

  12  0:00  SCV  
  13  0:13  SCV  
  14  0:17  Supply Depot  
  14  0:25  SCV  
  15  0:29  Refinery  
  15  0:38  SCV  
  16  0:45  Barracks  
  16  0:50  SCV  
  17  1:03  SCV  
  18  1:15  SCV  
  19  1:32  Reaper, Orbital Command  
  20  1:44  Command Center  
  20  1:55  Factory  
  20  1:59  SCV  
  21  2:05  Barracks Reactor  
  21  2:11  SCV  
  21  2:12  Refinery  
  22  2:16  Supply Depot  
  22  2:23  SCV  
  23  2:38  SCV  
  23  2:41  Marine x2  
  23  2:42  Starport  
  26  2:47  Widow Mine  
  26  2:50  SCV  
  29  2:57  Orbital Command  
  29  2:59  Marine  
  29  3:01  Marine  
  29  3:02  SCV  
  32  3:09  Factory Tech Lab  
  32  3:14  SCV  
  32  3:17  Marine  
  32  3:19  Marine  
  34  3:21  Starport Tech Lab  
  34  3:23  SCV  
  34  3:26  SCV  
  36  3:28  Widow Mine  
  36  3:33  Supply Depot  
  38  3:35  SCV, Marine  
  38  3:36  Marine  
  38  3:38  SCV  
  38  3:41  Medivac  
  44  3:47  SCV  
  45  3:50  SCV  
  45  3:55  Bunker, Widow Mine  
  48  3:56  Supply Depot  
  48  3:59  SCV  
  48  4:02  SCV  
  50  4:11  SCV  
  50  4:14  Barracks  
  51  4:18  Barracks  
  51  4:19  Marine  
  51  4:20  Stimpack  
  51  4:22  SCV, Starport Reactor  
  51  4:23  SCV  
  54  4:26  Factory Reactor  
  54  4:30  Engineering Bay  
  54  4:34  SCV  
  54  4:35  SCV  
  54  4:38  Refinery  
  56  4:41  Marine  
  56  4:43  Supply Depot  
  57  4:47  SCV x2  
  57  4:52  Supply Depot  
  59  4:57  Missile Turret  
  59  4:59  SCV  
  61  5:00  SCV  
  61  5:02  Terran Infantry Weapons Level 1  
  61  5:05  Marine x2  
  63  5:07  Marauder  
  63  5:08  Marauder  
  63  5:10  Widow Mine  
  71  5:14  Widow Mine  
  71  5:15  Supply Depot  
  71  5:19  Supply Depot  
  71  5:21  Combat Shield  
  71  5:28  Medivac  
  73  5:29  Medivac  
  73  5:33  Marauder  
  77  5:35  Marine  
  77  5:37  Marauder  
  77  5:38  Marine  
  77  5:41  Widow Mine  
  77  5:42  Widow Mine  
  80  5:50  Missile Turret  
  80  5:55  SCV  
  80  5:56  SCV  
  82  5:58  Marauder, Marine  
  82  5:59  Marauder  
  82  6:01  Marine  
  88  6:09  SCV  
  89  6:11  Supply Depot  
  89  6:12  Supply Depot  
  89  6:15  SCV  
  89  6:16  Marine  
  88  6:21  SCV, Marauder, Marine  
  88  6:24  Marauder  
  94  6:27  Supply Depot  
  94  6:33  SCV, Medivac  
  94  6:34  Medivac  
  93  6:40  SCV  
  93  6:41  Marine x2  
  93  6:43  Widow Mine  
  93  6:45  SCV  
  101  6:47  Marauder  
  101  6:51  Liberator x2  
  101  6:59  Marauder, Marine x2  
  113  7:08  Marauder  
  113  7:20  Marine x2  
  117  7:26  Widow Mine x2, Supply Depot  
  117  7:28  Supply Depot  
  123  7:30  Marauder  
  121  7:38  Marauder, Marine  
  121  7:42  Marine  
  127  7:51  Marauder  
  127  7:56  Marine  
  126  8:00  Marauder, Marine  
  98  8:12  Marauder  
  98  8:14  Marine  
  98  8:18  Marine  
  86  8:21  Marauder  
  88  8:31  Marine  
  91  8:34  Marauder  
  91  8:36  Marine  
Show
View Real Time Build Order
Export as new Build Order

DisK Protoss - Winner!

Build Orders: 1 Gate Expand, Colossus Rush 

Get SALT Encoding   

  12  0:00  Probe  
  13  0:12  Probe  
  14  0:17  Pylon  
  14  0:24  Probe  
  15  0:33  Probe  
  15  0:36  Gateway  
  15  0:41  Probe  
  16  0:46  Assimilator  
  17  0:51  Probe  
  18  1:03  Probe  
  19  1:21  Nexus  
  19  1:30  Cybernetics Core  
  19  1:34  Probe  
  20  1:40  Assimilator  
  20  1:46  Probe  
  21  1:54  Pylon  
  21  1:58  Probe  
  22  2:02  Stalker  
  22  2:10  Probe  
  22  2:13  Warp Gate  
  25  2:22  Probe  
  26  2:33  Adept  
  26  2:36  Probe x2  
  29  2:44  Probe  
  29  2:45  Robotics Facility  
  29  2:47  Probe  
  30  2:54  Probe  
  32  2:59  Probe  
  33  3:09  Gateway  
  33  3:15  Probe x2, Gateway  
  35  3:27  Probe x2  
  35  3:32  Observer  
  36  3:39  Probe x2  
  38  3:42  Pylon  
  38  3:46  Robotics Bay  
  38  3:51  Probe  
  38  3:52  Probe  
  38  3:55  Observer  
  41  4:01  Stalker  
  43  4:03  Stalker, Probe  
  43  4:04  Probe  
  43  4:06  Assimilator x2  
  43  4:07  Warp Prism  
  43  4:09  Stalker  
  49  4:11  Pylon  
  49  4:16  Probe x2  
  53  4:25  Pylon  
  53  4:27  Gravitic Drive  
  53  4:28  Probe  
  53  4:30  Probe  
  55  4:33  Disruptor  
  55  4:40  Probe  
  55  4:42  Probe  
  55  4:43  Observer  
  60  4:49  Zealot  
  60  4:52  Sentry, Pylon  
  64  4:58  Probe x2  
  65  5:07  Colossus  
  65  5:08  Nexus, Pylon  
  71  5:23  Pylon  
  71  5:25  Stalker  
  73  5:29  Stalker  
  73  5:33  Probe x2  
  77  5:36  Stalker  
  77  5:41  Extended Thermal Lance  
  79  5:48  Probe x2  
  81  5:52  Forge  
  81  5:54  Colossus, Shield Battery  
  81  5:59  Sentry  
  81  6:00  Stalker  
  85  6:10  Protoss Ground Weapons Level 1  
  90  6:17  Shield Battery  
  90  6:19  Shield Battery  
  90  6:20  Probe, Pylon  
  90  6:21  Probe x2  
  93  6:28  Twilight Council  
  93  6:39  Stalker x2  
  97  6:41  Stalker  
  97  6:42  Probe x3  
  97  6:46  Blink  
  97  6:47  Pylon  
  102  6:51  Observer  
  103  7:05  Probe x2  
  103  7:06  Stalker x2  
  109  7:12  Probe  
  109  7:13  Pylon  
  110  7:17  Probe  
  110  7:21  Observer  
  111  7:26  Gateway  
  111  7:28  Disruptor, Gateway  
  111  7:30  Gateway  
  111  7:32  Pylon  
  111  7:33  Pylon  
  111  7:36  Stalker x3  
  115  7:46  Probe x3  
  118  7:59  Stalker x3  
  118  8:04  Shield Battery x2  
  107  8:24  Stalker x2  
  107  8:25  Stalker x2  
  115  8:31  Probe x3  
  118  8:35  Zealot  
  118  8:39  Assimilator x2  
  113  8:48  Zealot x3  
  113  8:49  Zealot  
Tags
 
Add a new tag
Caveats
  • Supply blocks, unpowered buildings, or Contaminate may cause inaccurate times.
  • Supply counts are checked every 10 seconds.